AoeStats
← abok123

Golden Pit

510202598Analyzed
1v1 RM · 14h ago on Sep 29, 2026· 37m 23s· 2 players
Game mode
Random Map
Map size
Tiny (2 player)
Population
200
Speed
Normal
Resources
Standard
Victory
Conquest
Starting age
Dark Age
Ending age
Imperial Age
RankedLock teamsTeams togetherTeam positionsShared explorationLock speedFull tech treeHidden civsTurbo modeCheats
Victory
Defeat
🇺🇸 Mongols · United States
1073
+17
🇦🇷 Japanese · Argentina
1094
-17
abok123
6:08 Loom
9:52 Feudal Age
12:02 Double-Bit Axe
18:12 Castle Age
17:37 Fletching
17:32 Horse Collar
18:43 Gold Mining
18:19 Crossbowman
22:26 Bow Saw
24:24 Bodkin Arrow
29:44 Padded Archer Armor
Luky
2:56 Loom
10:39 Feudal Age
12:31 Double-Bit Axe
12:40 Fletching
13:59 Horse Collar
20:09 Castle Age
18:55 Scale Barding Armor
20:40 Forging
20:44 Bloodlines
20:53 Husbandry
30:43 Town Watch
31:36 Chain Barding Armor
36:54 Elite Skirmisher
Connection lost

Rejoining the realm…

Still unreachable

The connection could not be restored.

Session expired

The server has moved on; the page needs a fresh start.